 Dungeon Crawl Stone Soup version 0.30.1 (webtiles) character file.

Game seed: 9611701254203031829

59467 Bnni the Severer (level 14, -4/126 HPs)
             Began as a Hill Orc Monk on July 7, 2023.
             Was a Believer of Beogh.
             Killed from afar by a hell hog (28 damage)
             ... with a fireball
             ... on level 2 of the Abyss.
             The game lasted 00:29:09 (11897 turns).

Bnni the Severer (Hill Orc Monk)                   Turns: 11897, Time: 00:29:10

Health: -4/126     AC: 22    Str: 19    XL:     14   Next: 95%
Magic:  16/20      EV:  8    Int: 10    God:    Beogh [**....]
Gold:   918        SH: 11    Dex: 13    Spells: 13/13 levels left

rFire   . . .        N - +1 broad axe
rCold   + . .        S - +0 buckler
rNeg    . . .        J - +0 plate armour
rPois   .            f - +0 helmet
rElec   .            x - +0 cloak
rCorr   .            (no gloves)
SInv    .            (no boots)
Will    +....        r - amulet of reflection Stlth
                     g - +4 ring of protection
HPRegen 0.41/turn    F - ring of protection from cold
MPRegen 0.17/turn

%: reflection
@: no status effects
A: no striking features
a: Renounce Religion, Smiting


You were on level 2 of the Abyss.
You worshipped Beogh.
Beogh was pleased with you.
You visited 1 branch of the dungeon, and saw 11 of its levels.
You visited the Abyss 1 time.
You also visited: Bailey.

You collected 918 gold pieces.

Inventory:

Hand Weapons
 h - a +4 halberd
 u - the +6 dire flail of the Fuzzy God {heavy, *Rage rN+ Str+2 Dex+3}
   (You took it off an ogre on level 5 of the Dungeon)

   Str:       It affects your strength (+2).
   Dex:       It affects your dexterity (+3).
   rN:        It protects you from negative energy.
   *Rage:     It berserks you when you make melee attacks (+20% chance).
 E - a +3 battleaxe
 N - a +1 broad axe (weapon)
 O - a +0 scimitar of flaming
 Q - the +8 spear "Meikad" {drain, rN+++ rCorr MP+9 Int-2}
   (You found it on level 9 of the Dungeon)

   Int:       It affects your intelligence (-2).
   rN:        It renders you almost immune to negative energy.
   MP:        It affects your magic capacity (+9).
   rCorr:     It protects you from acid and corrosion.
 W - a +0 glaive
Missiles
 i - 26 boomerangs (quivered)
 D - 10 poisoned darts
 I - 4 javelins
Armour
 d - an orb of light
 f - a +0 helmet (worn)
 x - a +0 cloak (worn)
 J - a +0 plate armour (worn)
 S - a +0 buckler (worn)
Jewellery
 g - a +4 ring of protection (left hand)
 r - an amulet of reflection (around neck)
 F - a ring of protection from cold (right hand)
 T - a ring of ice
Wands
 w - a wand of roots (8)
 y - a wand of flame (34)
 B - a wand of acid (5)
 X - a wand of paralysis (1)
Scrolls
 b - 3 scrolls of fear {unknown}
 k - 7 scrolls of fog
 m - 2 scrolls of magic mapping {unknown}
 o - a scroll of blinking {unknown}
 p - 10 scrolls of teleportation {unknown}
 s - 2 scrolls of amnesia
 v - a scroll of butterflies {unknown}
 C - 4 scrolls of poison {unknown}
 H - a scroll of vulnerability
 K - a scroll of enchant armour {unknown}
 P - a scroll of acquirement {unknown}
 V - a scroll of immolation
 Y - a scroll of silence {unknown}
Potions
 e - 2 potions of curing
 n - 2 potions of berserk rage
 q - a potion of brilliance {unknown}
 t - 6 potions of mutation {unknown}
 z - 4 potions of magic {unknown}
 A - 4 potions of lignification {unknown}
 G - a potion of cancellation {unknown}
 L - 2 potions of invisibility {unknown}
 M - a potion of might {unknown}
 R - a potion of resistance {unknown}
 U - a potion of degeneration {unknown}


   Skills:
 + Level 12.2 Fighting
 - Level 18.0 Axes
 * Level 4.1 Throwing
 + Level 12.0 Armour
 - Level 7.1 Dodging
 - Level 8.9 Shields
 + Level 9.0 Invocations


You had 13 spell levels left.
You didn't know any spells.
Your spell library contained the following spells:

 Spells                   Type           Power      Damage    Failure   Level
 Freeze                   Ice            0%         1d3       100%        1
 Summon Small Mammal      Summ           0%         N/A       100%        1
 Call Canine Familiar     Summ           0%         N/A       100%        3
 Dazzling Flash           Conj/Hex       0%         N/A       100%        3
 Frozen Ramparts          Ice            0%         1d1       100%        3
 Hailstorm                Conj/Ice       0%         3d3       100%        3
 Ignite Poison            Fire/Tmut/Pois 0%         N/A       100%        3
 Portal Projectile        Hex/Tloc       0%         N/A       100%        3
 Spider Form              Tmut/Pois      0%         N/A       100%        3
 Summon Guardian Golem    Hex/Summ       0%         N/A       100%        3
 Tukima's Dance           Hex            0%         N/A       100%        3
 Volatile Blastmotes      Fire/Tloc      0%         2d10      100%        3
 Iskenderun's Mystic Bla  Conj/Tloc      0%         2d3       100%        4
 Blade Hands              Tmut           0%         N/A       100%        5
 Starburst                Conj/Fire      0%         6d3       100%        6
 Malign Gateway           Summ/Tloc      0%         N/A       100%        7
 Monstrous Menagerie      Summ           0%         N/A       100%        7


Dungeon Overview and Level Annotations

Branches:
Dungeon (11/15)            Temple (0/1) D:7            Lair (0/5) D:9
 Bailey (visited)
    Orc: D:9-12

Altars:
Ashenzari
Dithmenos
Gozag
Makhleb
Sif Muna
Trog
Uskayaw
Xom

Shops:
D:6 :   D:9 :


Message History

The hell hog easily resists.
The hell hog bites you.
Unknown command.
You barely miss the hell hog. The hell hog barely misses you.
You hit the hell hog.
The hell hog is lightly wounded.
The hell hog breathes fire at you.
The fireball explodes!
The fireball engulfs you!!
The fireball engulfs the hell hog.
The hell hog completely resists.
You hear a bark! x2
Unknown command.
You barely miss the hell hog.
The hell hog is lightly wounded.
You block the hell hog's attack.
You barely miss the hell hog.
The hell hog is lightly wounded.
The hell hog bites you!
* * * LOW HITPOINT WARNING * * *
Unknown command.
Aiming: Paralyse
Press: ? - help, Shift-Dir - straight line, f/p - hell hog
Aim: a hell hog (lightly wounded, chance to affect: 31%)
The hell hog easily resists.
The hell hog bites you.
* * * LOW HITPOINT WARNING * * *
The hell hog bites you.
* * * LOW HITPOINT WARNING * * *
Aiming: Paralyse
Press: ? - help, Shift-Dir - straight line, f/p - hell hog
Aim: a hell hog (chance to affect: 31%)
The hell hog easily resists.
The hell hog bites you but does no damage.
Unknown command.
Aiming: Paralyse
Press: ? - help, Shift-Dir - straight line, f/p - hell hog
Aim: a hell hog (chance to affect: 31%)
The hell hog easily resists.
The hell hog breathes fire at you.
The fireball explodes!
The fireball engulfs you!!
You die...

..
#.#.
..
..# .
#..
##.
#h#ยง
#@# .
### #
#


You could see a hell hog (catching breath).

Vanquished Creatures
  An orc warlord (Bailey)
  An eidolon (Abyss:2)
  Erica (D:9)
  A two-headed ogre (D:11)
  A thrashing horror (Abyss:2)
  A wretched star (Abyss:2)
  Pikel (D:6)
  An orc knight (Bailey)
  A worldbinder (Abyss:2)
  A manticore (D:11)
  An orange demon (Abyss:2)
  A smoke demon (Abyss:2)
  A centaur skeleton (Abyss:2)
  A gargoyle (D:10)
  Maggie (D:10)
  An alligator snapping turtle skeleton (Abyss:2)
  The ghost of Graphine the Sneak, a novice KoBr of Wu Jian (D:5)
  A freezing wraith (Abyss:2)
  An ancient zyme (Abyss:2)
  3 trolls
  A merfolk (D:9)
  A shadow (D:6)
  3 wyverns
  23 yaks
  A wraith (D:10)
  A large abomination (Abyss:2)
  3 chaos spawn (Abyss:2)
  A steam dragon (D:8)
  A neqoxec (Abyss:2)
  4 vampire mosquitoes
  14 orc warriors
  2 sky beasts
  2 ice beasts (D:5)
  4 ogres (D:5)
  3 centaurs
  3 lemures (D:6)
  2 phantoms
  6 bullfrogs
  A kobold brigand (D:8)
  A scorpion (D:7)
  3 wights (D:8)
  12 killer bees
  3 jellies
  6 hounds
  Crazy Yiuf (D:2)
  A gnoll bouda (D:5)
  An iron imp (Abyss:2)
  2 orc priests (D:8)
  3 iguanas
  4 orc wizards
  21 gnolls
  6 adders
  A white imp (D:6)
  3 dart slugs (D:1)
  30 orcs
  8 bats
  6 endoplasms
  3 giant cockroaches
  20 goblins
  7 hobgoblins
  7 jackals
  6 kobolds
  3 quokkas
  5 ball pythons
  4 frilled lizards
  7 rats
272 creatures vanquished.

Vanquished Creatures (collateral kills)
  A gargoyle (D:11)
  A yak (D:11)
  An orc (D:11)
3 creatures vanquished.

Grand Total: 275 creatures vanquished

Notes
Turn   | Place    | Note
-------+----------+-------------------------------------------
     0 | D:1      | Bnni the Hill Orc Monk began the quest for the Orb.
     0 | D:1      | Reached XP level 1. HP: 19/19 MP: 1/1
    70 | D:1      | Reached XP level 2. HP: 20/27 MP: 2/2
   294 | D:1      | You fall into a shaft and drop 1 floor!
   379 | D:1      | Reached skill level 5 in Axes
   382 | D:1      | Reached XP level 3. HP: 33/33 MP: 3/3
  1281 | D:2      | Found a runed translucent door.
  1282 | D:2      | Noticed Crazy Yiuf
  1293 | D:2      | Killed Crazy Yiuf
  1294 | D:2      | Reached skill level 6 in Axes
  1294 | D:2      | Reached XP level 4. HP: 41/41 MP: 4/4
  1556 | D:3      | Reached XP level 5. HP: 45/47 MP: 5/5
  1669 | D:3      | Reached skill level 5 in Fighting
  2208 | D:4      | Reached skill level 7 in Axes
  2366 | D:4      | Found a broken altar of Ashenzari.
  2729 | D:4      | Reached XP level 6. HP: 56/56 MP: 6/6
  2730 | D:4      | Found a shimmering blue altar of Sif Muna.
  2812 | D:5      | Entered Level 5 of the Dungeon
  2946 | D:5      | Noticed an ice beast
  2952 | D:5      | Killed an ice beast
  2953 | D:5      | Reached skill level 8 in Axes
  2995 | D:5      | Found an opulent altar of Gozag.
  3049 | D:5      | Reached XP level 7. HP: 59/63 MP: 7/7
  3063 | D:5      | Found a shadowy altar of Dithmenos.
  3071 | D:5      | Reached skill level 9 in Axes
  3410 | D:5      | Reached skill level 10 in Axes
  3514 | D:5      | Reached XP level 8. HP: 55/73 MP: 8/8
  3724 | D:5      | Noticed Graphine's ghost (novice KoBr)
  3725 | D:5      | Found a transporter.
  3725 | D:5      | Found a transporter.
  3725 | D:5      | Identified the +6 dire flail of the Fuzzy God {heavy, *Rage
                  | rN+ Str+2 Dex+3}
  3927 | D:5      | Killed Graphine's ghost
  3928 | D:5      | Reached skill level 11 in Axes
  4374 | D:6      | Noticed Pikel
  4384 | D:6      | Killed Pikel
  4385 | D:6      | Reached skill level 12 in Axes
  4385 | D:6      | Reached XP level 9. HP: 82/82 MP: 9/9
  4550 | D:6      | Found Kuag's Book Boutique.
  4596 | D:6      | Reached skill level 13 in Axes
  5084 | D:7      | Found a staircase to the Ecumenical Temple.
  5237 | D:7      | Found a flagged portal.
  5269 | Bailey   | Entered a bailey
  5519 | Bailey   | Reached skill level 14 in Axes
  5723 | Bailey   | Reached skill level 10 in Fighting
  5763 | Bailey   | Noticed an orc knight
  5773 | Bailey   | Killed an orc knight
  5774 | Bailey   | Reached skill level 15 in Axes
  5774 | Bailey   | Reached XP level 10. HP: 94/94 MP: 10/10
  6037 | Bailey   | Noticed an orc warlord
  6147 | Bailey   | Got Sif Muna's Atlas of the Impure Legion
  6171 | Bailey   | Reached skill level 10 in Armour
  6171 | Bailey   | Reached XP level 11. HP: 101/101 MP: 11/11
  6172 | Bailey   | Reached skill level 17 in Axes
  6172 | Bailey   | Reached XP level 12. HP: 108/108 MP: 11/16
  6173 | Bailey   | Reached XP level 13. HP: 114/114 MP: 11/17
  6174 | Bailey   | Reached XP level 14. HP: 122/122 MP: 11/18
  6233 | Bailey   | Killed an orc warlord
  6234 | Bailey   | Reached skill level 18 in Axes
  6361 | D:7      | Found a hide-covered altar of Uskayaw.
  6728 | D:7      | Became a worshipper of Beogh the Brigand
  6728 | D:7      | Reached * piety under Beogh
  6728 | D:7      | Reached ** piety under Beogh
  8308 | D:9      | Found a shimmering altar of Xom.
  8469 | D:9      | Noticed Erica
  8478 | D:9      | Killed Erica
  8806 | D:9      | Identified the +8 spear "Meikad" {drain, rN+++ rCorr MP+9
                  | Int-2}
  8820 | D:9      | Found a staircase to the Lair.
  8834 | D:9      | Found Zunerch Feosm's Book Emporium.
  8874 | D:9      | Reached *** piety under Beogh
  9126 | D:10     | Entered Level 10 of the Dungeon
  9487 | D:10     | Noticed Maggie
  9500 | D:10     | Killed Maggie
  9571 | D:10     | Reached skill level 1 in Throwing
  9652 | D:10     | Found a burning altar of Makhleb.
 11196 | D:11     | Found a bloodstained altar of Trog.
 11400 | Abyss:2  | Cast into level 2 of the Abyss (a wizard)
 11897 | Abyss:2  | Killed from afar by a hell hog

Illustrated notes

Levels and vault maps discovered:
D:1:      lemuel_arrival_cross, layout_loops_ring, minmay_tetromino_s2
D:2:      layout_rooms, uniq_crazy_yiuf_cottage
D:3:      layout_basic, minmay_strange_pillars, minmay_misc_feat_more_columns
D:4:      layout_loops_ring, tgw_sif, nicolae_ashenzari_skybound
D:5:      layout_basic, mainiacjoe_overflow_big_doors, gammafunk_ghost_smash
D:6:      layout_cave_pods, serial_shops, shop_fountains, uniq_pikel
D:7:      layout_loops_ring, mainiacjoe_overflow_chevrons,
          minmay_temple_entry_arrows, lightli_bailey_entry_fortress
D:8:      layout_layer_cave
D:9:      layout_roguey, mainiacjoe_overflow_catwalk, lair_entry_dummy,
          serial_shops, nicolae_stop_n_shop_1, small_statue_intersection,
          hangedman_fish_farm, uniq_erica
D:10:     layout_basic, mainiacjoe_overflow_cross_hatched, serial_corexii_hall,
          corexii_hall_statues_l, corexii_hall_statues_s, nrook_mini_vaults,
          uniq_maggie
D:11:     layout_stronghold, trog_three_pillars_becter
Abyss:2:  base: D:10, evilmike_abyss_exit_chaos, evilmike_abyss_exit_chaos

Skill      XL: |  1  2  3  4  5  6  7  8  9 10 11 12 13 14 |
---------------+-------------------------------------------+-----
Fighting       | 4 5 6 7 8 10 12 | 12.2
Axes           | 5 6 7 8 10 12 15 17 18 | 18.0
Armour         | 10 12 | 12.0
Invocations    | 6 9 |  9.0
Shields        | 8 |  8.9
Dodging        | 6 7 |  7.1
Throwing       | 4 |  4.1

Action                     |  1- 3 |  4- 6 |  7- 9 | 10-12 | 13-15 || total
---------------------------+-------+-------+-------+-------+-------++-------
  Melee: Hand axe          |    85 |       |       |       |       ||    85
         Mace              |     5 |   118 |    45 |       |       ||   168
         Flail             |       |       |    37 |       |       ||    37
         Dire flail        |       |       |   110 |    40 |     6 ||   156
         Broad axe         |       |       |       |       |   254 ||   254
         Battleaxe         |       |       |       |       |   161 ||   161
  Throw: Boomerang         |       |    11 |       |       |    19 ||    30
         Dart              |       |       |     6 |       |     5 ||    11
         Javelin           |       |       |       |       |     1 ||     1
 Invoke: Smiting           |       |       |       |       |     9 ||     9
         Convert to Beogh  |       |       |       |       |     1 ||     1
  Evoke: Wand              |       |     2 |       |       |    16 ||    18
    Use: Scroll            |       |     4 |     1 |       |     7 ||    12
         Potion            |       |       |     1 |     4 |    10 ||    15
   Stab: Paralysed         |       |       |       |       |    11 ||    11
 Armour: Robe              |    18 |       |       |       |       ||    18
         Chain mail        |    12 |    86 |   134 |       |       ||   232
         Ring mail         |     3 |       |       |       |       ||     3
         Plate armour      |       |       |       |    18 |   186 ||   204
  Dodge: Dodged            |    61 |    44 |    92 |    16 |   101 ||   314
  Block: Orb               |     1 |    24 |    14 |       |       ||    39
         Other             |       |       |    32 |     4 |    31 ||    67
         Buckler           |       |       |       |       |    94 ||    94
         Reflection        |       |       |       |       |     9 ||     9
